 Dungeon Crawl Stone Soup version 0.30-a0-341-g682706514a (webtiles) character file.

Game seed: 15874902146050046742

42 night the Conjurer (level 3, 0/21 (22) HPs)
             Began as a Tengu Reaver on Nov 3, 2022.
             Splashed by a jelly's acid (7 damage)
             ... on level 2 of the Dungeon.
             The game lasted 00:03:12 (1492 turns).

night the Conjurer (Tengu Reaver)                   Turns: 1492, Time: 00:03:13

HP:   0/21 (22)     AC:  3    Str: 12    XL:     3   Next: 54%
MP:   7/7           EV: 12    Int: 13    God:
Gold: 53            SH:  0    Dex: 14    Spells: 3/6 levels left

rFire   . . .      SeeInvis .    a - +0 falchion
rCold   . . .      Faith    .    (no shield)
rNeg    . . .      Spirit   .    b - +0 leather armour
rPois   .          Reflect  .    (helmet restricted)
rElec   .          Harm     .    (no cloak)
rCorr   .          Rampage  .    (no gloves)
Will    .....                    (boots unavailable)
Stlth   +.........               h - amulet of the acrobat
HPRegen 0.23/turn                (no ring)
MPRegen 0.10/turn                (no ring)

@: lightly drained
A: beak, talons 3
a: no special abilities


You were on level 2 of the Dungeon.
You visited 1 branch of the dungeon, and saw 2 of its levels.

You collected 53 gold pieces.

Inventory:

Hand Weapons
 a - a +0 falchion (weapon)
 o - a +1 dagger of holy wrath
Missiles
 j - 3 poisoned darts
 l - 31 stones
Armour
 b - a +0 leather armour (worn)
 g - a +0 ring mail
Jewellery
 h - an amulet of the acrobat (around neck)
Wands
 n - a wand of digging (7)
Scrolls
 d - a scroll of immolation {unknown}
 e - a scroll of teleportation {unknown}
 f - 2 scrolls of vulnerability {unknown}
 m - a scroll of acquirement {unknown}
Potions
 c - 2 potions of might
 i - a potion of curing
 k - a potion of degeneration {unknown}


   Skills:
 + Level 2.4 Fighting
 * Level 4.0 Long Blades
 - Level 2.1 Dodging
 + Level 2.3 Spellcasting
 + Level 4.4 Conjurations


You had 3 spell levels left.
You knew the following spells:

 Your Spells              Type           Power      Damage    Failure   Level
a - Kiss of Death         Conj/Necr      28%        2d7       13%         1
b - Momentum Strike       Conj/Tloc      14%        3d8       19%         2

Your spell library contained the following spells:

 Spells                   Type           Power      Damage    Failure   Level
 Hailstorm                Conj/Ice       7%         3d4       36%         3
 Ice Form                 Ice/Tmut       1%         N/A       97%         4
 Simulacrum               Ice/Necr       0%         N/A       100%        6


Dungeon Overview and Level Annotations

Branches:
Dungeon (2/15)

Altars:

Shops:
D:1 *


Innate Abilities, Weirdness & Mutations

You have a beak for a mouth.
You have claws for feet.


Message History

You open the door.
There is an open door here.
A kobold comes into view. It is wielding a +0 club.
The kobold shouts!
You slash the kobold!
You kill the kobold!
You see here a +0 club.
As you open the door, it creaks loudly! 2 endoplasms come into view.
The endoplasm quivers. x2
Found a bat skeleton and a hobgoblin skeleton.
An endoplasm comes into view.
You hit the endoplasm. You peck the endoplasm.
You kill the endoplasm!
You feel a little less mighty now.
An endoplasm comes into view.
The endoplasm quivers.
You hit the endoplasm. You claw the endoplasm.
You kill the endoplasm!
You hit the endoplasm but do no damage. The endoplasm freezes you.
You are frozen.
You hit the endoplasm. You peck the endoplasm.
You kill the endoplasm!
An endoplasm comes into view.
You hit the endoplasm but do no damage. You punch the endoplasm.
The endoplasm is moderately wounded.
Something hits the fungus.
The fungus begins to die.
A jelly comes into view.
You hit the jelly.
Your hands burn!
You peck the jelly.
The jelly is moderately wounded.
Something hits the fungus.
The jelly hits you but does no damage.
You hit the jelly.
Your hands burn!
You peck the jelly, but do no damage.
The jelly is heavily wounded.
Something hits the fungus.
The jelly misses you.
You slash the jelly!
Your hands burn!
The jelly is almost dead.
A nearby fungus withers and dies.
The jelly hits you.
You are splashed with acid!
You die...

#.#..# #......)....#.
#.#..# ##########.......
#.#..#
##.###########.##.
#.#..#
#.#.#....#####.##.
###'#†.#
#.#.#.....##.#.##.
......##
#.#'#......'.#)##.
......##
#)#........†...##.
......'#
#.#........'.#.##.
......##
#@#..[....##.#....
......#
.....JJ##......#########
#'##### ÷...÷.# ########
# ..# ###### . ..# . .##
.# .# .#


You could see a jelly and an endoplasm.

Vanquished Creatures
  An adder (D:2)
  2 ball pythons
  5 endoplasms
  A giant cockroach (D:2)
  A goblin (D:2)
  4 hobgoblins
  11 kobolds (D:2)
  4 rats
29 creatures vanquished.

Vanquished Creatures (others)
  A goblin (D:2)
  3 fungi (D:2)
  9 toadstools (D:2)
13 creatures vanquished.

Grand Total: 42 creatures vanquished

Notes
Turn   | Place    | Note
-------+----------+-------------------------------------------
     0 | D:1      | night the Tengu Reaver began the quest for the Orb.
     0 | D:1      | Reached XP level 1. HP: 12/12 MP: 4/4
   422 | D:1      | Found Uferaaruhi's General Store.
   603 | D:1      | Reached XP level 2. HP: 17/17 MP: 6/6
  1023 | D:2      | Learned a level 2 spell: Momentum Strike
  1119 | D:2      | Reached XP level 3. HP: 18/18 MP: 7/7
  1492 | D:2      | Splashed by a jelly's acid

Illustrated notes

Levels and vault maps discovered:
D:1:      dpeg_arrival_central, layout_basic, serial_shops, shop
D:2:      cheibrodos_fertilizer, layout_basic, basic_altar,
          uniq_crazy_yiuf_cottage

Skill      XL: |  1  2  3 |
---------------+----------+-----
Long Blades    | 4 |  4.0
Fighting       | |  2.4
Dodging        | |  2.1
Spellcasting   | |  2.3
Conjurations   | |  4.4

Action                   || total
-------------------------++-------
Melee: Falchion          ||    53
       Peck              ||    10
       Kick              ||     9
       Punch             ||     1
 Cast: Kiss of Death     ||     1
       Momentum Strike   ||     2
  Use: Potion            ||     2
Armor: Leather armour    ||     9
Dodge: Dodged            ||    17

Table legend: (Time is in decaauts)
 A = Elapsed time spent in this place.
 B = Non-inter-level travel time spent in this place.
 C = Inter-level travel time spent in this place.
 D = Time resting spent in this place.
 E = Time spent auto-exploring this place.
 F = Levels seen in this place.
 G = Mean time per level.
                   A        B        C        D        E       F      G
               +--------+--------+--------+--------+--------+-----+--------+
         Total |   1497 |   1466 |     31 |     29 |   1241 |   2 |  748.5 |
       Dungeon |   1497 |   1466 |     31 |     29 |   1241 |   2 |  748.5 |
               +--------+--------+--------+--------+--------+-----+--------+

Top non-repeatable levels by time:
     D:1: 967 daAuts
     D:2: 529 daAuts
